| TOP OF THE 1ST |
|
Chicago White Sox batting - Pitching for Milwaukee Brewers : RHP Luis Lopez
|
|
Pitching: RHP Luis Lopez
|
|
|
Batting: SHB Ozzie Smith
|
0-0: SINGLE (Line Drive, 9S, EV 106.3 MPH)
|
|
Batting: LHB Mitchell Page
|
0-0: Called Strike 0-1: Ball 1-1: Swinging Strike 1-2: Ball 2-2: Fielders Choice at 2nd, 4-6 (Groundball, 34, EV 84.4 MPH)
|
|
Batting: RHB Kevin McReynolds
|
0-0: Ball 1-0: Called Strike 1-1: Called Strike 1-2: SINGLE (Line Drive, 8LS, EV 101.9 MPH) Mitchell Page to second Runner from 2nd tries for 3rd, SAFE, throw by CF made to third
|
|
Batting: RHB Tim Teufel
|
0-0: Ball 1-0: Swinging Strike 1-1: Foul Ball, location: 2F 1-2: Foul Ball, location: 2F 1-2: Strikes out looking
|
|
Batting: RHB Steve Henderson
|
0-0: Foul Ball, location: 2F 0-1: Fielders Choice at 2nd, 6-4 (Groundball, 6, EV 89.4 MPH)
|
| Top of the 1st over - 0 runs, 2 hits, 0 errors, 2 left on base; Chicago 0 - Milwaukee 0 |
| BOTTOM OF THE 1ST |
|
Milwaukee Brewers batting - Pitching for Chicago White Sox : RHP Pete Vuckovich
|
|
Pitching: RHP Pete Vuckovich
|
|
|
Batting: RHB Steve Sax
|
0-0: Foul Ball, location: 2F 0-1: Ball 1-1: Ball 2-1: Ground out U3 (Groundball, 3L, EV 110.6 MPH)
|
|
Batting: LHB Von Hayes
|
0-0: Foul Ball, location: 2F 0-1: SINGLE (Line Drive, 7S, EV 102.5 MPH)
|
|
Batting: RHB Eric Davis
|
0-0: Ball 1-0: Called Strike Von Hayes steals 2nd base 1-1: Ball 2-1: Called Strike 2-2: SINGLE (Line Drive, 34D, EV 96.9 MPH) Von Hayes to third Runner from 3rd tries for Home, SAFE, throw by RF to home
|
|
Batting: SHB Eddie Murray
|
0-0: Foul Ball, location: 2F 0-1: Ball 1-1: Fly out, F9 (Flyball, 9D, EV 91.3 MPH) Runner from 1st tags up, SAFE at 2nd
|
|
Batting: RHB Mike Schmidt
|
0-0: Ball 1-0: Fly out, F8 (Flyball, 78D, EV 90.6 MPH)
|
| Bottom of the 1st over - 1 run, 2 hits, 0 errors, 1 left on base; Chicago 0 - Milwaukee 1 |
| TOP OF THE 2ND |
|
Chicago White Sox batting - Pitching for Milwaukee Brewers : RHP Luis Lopez
|
|
Batting: SHB Dwayne Taggart
|
0-0: Foul Ball, location: 2F 0-1: Ball 1-1: Ball 2-1: Swinging Strike 2-2: Ground out 6-3 (Groundball, 6, EV 99.4 MPH)
|
|
Batting: SHB Wayne Tolleson
|
0-0: Called Strike 0-1: Swinging Strike 0-2: Ball 1-2: Strikes out looking
|
|
Batting: LHB Ryan MacFarland
|
0-0: Ground out 6-3 (Groundball, 6, EV 84.4 MPH)
|
| Top of the 2nd over - 0 runs, 0 hits, 0 errors, 0 left on base; Chicago 0 - Milwaukee 1 |
| BOTTOM OF THE 2ND |
|
Milwaukee Brewers batting - Pitching for Chicago White Sox : RHP Pete Vuckovich
|
|
Batting: RHB Thurman Munson
|
0-0: Ball 1-0: Ball 2-0: Foul Ball, location: 2F 2-1: SINGLE (Groundball, 6MD, EV 105.0 MPH)
|
|
Batting: LHB Denny Walling
|
0-0: Called Strike 0-1: Ball 1-1: Called Strike 1-2: Ball 2-2: Foul Ball, location: 2F 2-2: Fielders Choice at 2nd, 5-4 (Groundball, 5S, EV 88.8 MPH)
|
|
Batting: RHB Ken Landreaux
|
0-0: Fly out, F8 (Flyball, 8LXD, EV 97.5 MPH)
|
|
Batting: SHB Alfredo Griffin
|
0-0: Ball 1-0: Foul Ball, location: 2F 1-1: Ball 2-1: DOUBLE (Line Drive, 3D, EV 94.4 MPH) Denny Walling to third Runner from 3rd tries for Home, SAFE, throw by RF to home
|
|
Batting: RHB Steve Sax
|
0-0: Ball 1-0: Fly out, F9 (Line Drive, 9, EV 100.0 MPH)
|
| Bottom of the 2nd over - 1 run, 2 hits, 0 errors, 1 left on base; Chicago 0 - Milwaukee 2 |
| TOP OF THE 3RD |
|
Chicago White Sox batting - Pitching for Milwaukee Brewers : RHP Luis Lopez
|
|
Batting: LHB Steve Christmas
|
0-0: Fly out, F7 (Flyball, 7LM, EV 86.3 MPH)
|
|
Batting: SHB Ozzie Smith
|
0-0: Called Strike 0-1: Foul Ball, location: 2F 0-2: Ball 1-2: Ball 2-2: Foul Ball, location: 2F 2-2: Fly out, F7 (Flyball, 78D, EV 83.1 MPH)
|
|
Batting: LHB Mitchell Page
|
0-0: Called Strike 0-1: Ball 1-1: SOLO HOME RUN (Flyball, 9LD, EV 108.8 MPH), Distance : 358 ft
|
|
Batting: RHB Kevin McReynolds
|
0-0: Ball 1-0: Ball 2-0: Ball 3-0: Called Strike 3-1: Base on Balls
|
|
Batting: RHB Tim Teufel
|
0-0: Called Strike 0-1: Called Strike 0-2: Strikes out swinging
|
| Top of the 3rd over - 1 run, 1 hit, 0 errors, 1 left on base; Chicago 1 - Milwaukee 2 |
| BOTTOM OF THE 3RD |
|
Milwaukee Brewers batting - Pitching for Chicago White Sox : RHP Pete Vuckovich
|
|
Batting: LHB Von Hayes
|
0-0: Called Strike 0-1: Foul Ball, location: 2F 0-2: Ground out 4-3 (Groundball, 4, EV 81.9 MPH)
|
|
Batting: RHB Eric Davis
|
0-0: Ball 1-0: Foul Ball, location: 2F 1-1: Foul Ball, location: 2F 1-2: Fly out, F8 (Flyball, 8RXD, EV 108.1 MPH)
|
|
Batting: SHB Eddie Murray
|
0-0: Called Strike 0-1: Ground out 6-3 (Groundball, 6, EV 79.4 MPH)
|
| Bottom of the 3rd over - 0 runs, 0 hits, 0 errors, 0 left on base; Chicago 1 - Milwaukee 2 |
| TOP OF THE 4TH |
|
Chicago White Sox batting - Pitching for Milwaukee Brewers : RHP Luis Lopez
|
|
Batting: RHB Steve Henderson
|
0-0: Ball 1-0: Called Strike 1-1: Swinging Strike 1-2: Ball 2-2: Ball 3-2: Strikes out swinging
|
|
Batting: SHB Dwayne Taggart
|
0-0: Ball 1-0: Ball 2-0: Ground out 6-3 (Groundball, 4M, EV 83.8 MPH)
|
|
Batting: SHB Wayne Tolleson
|
0-0: Ball 1-0: Called Strike 1-1: SINGLE (Groundball, 3D, EV 95.0 MPH)
|
|
Batting: LHB Ryan MacFarland
|
0-0: Ball 1-0: SINGLE (Line Drive, 3, EV 63.8 MPH) (infield hit) Wayne Tolleson to second
|
|
Batting: LHB Steve Christmas
|
0-0: Ball 1-0: 3-RUN HOME RUN (Flyball, 9LD, EV 93.1 MPH), Distance : 343 ft
|
|
Batting: SHB Ozzie Smith
|
0-0: Fly out, F3 (Popup, 34, EV 65.6 MPH)
|
| Top of the 4th over - 3 runs, 3 hits, 0 errors, 0 left on base; Chicago 4 - Milwaukee 2 |
| BOTTOM OF THE 4TH |
|
Milwaukee Brewers batting - Pitching for Chicago White Sox : RHP Pete Vuckovich
|
|
Batting: RHB Mike Schmidt
|
0-0: Foul Ball, location: 2F 0-1: Foul Ball, location: 2F 0-2: Ball 1-2: Foul Ball, location: 2F 1-2: Ball 2-2: Ball 3-2: Fly out, F7 (Flyball, 7, EV 90.0 MPH)
|
|
Batting: RHB Thurman Munson
|
0-0: Called Strike 0-1: Ball 1-1: Ball 2-1: Swinging Strike 2-2: Ground out 6-3 (Groundball, P, EV 85.0 MPH)
|
|
Batting: LHB Denny Walling
|
0-0: Foul Ball, location: 2F 0-1: SINGLE (Groundball, 6D, EV 98.8 MPH)
|
|
Batting: RHB Ken Landreaux
|
0-0: Swinging Strike 0-1: Fielders Choice at 2nd, 6-4 (Groundball, 6, EV 81.3 MPH)
|
| Bottom of the 4th over - 0 runs, 1 hit, 0 errors, 1 left on base; Chicago 4 - Milwaukee 2 |
| TOP OF THE 5TH |
|
Chicago White Sox batting - Pitching for Milwaukee Brewers : RHP Luis Lopez
|
|
Batting: LHB Mitchell Page
|
0-0: Swinging Strike 0-1: Ball 1-1: Fly out, F9 (Flyball, 9LM, EV 78.8 MPH)
|
|
Batting: RHB Kevin McReynolds
|
0-0: Ball 1-0: Ball 2-0: Called Strike 2-1: Fly out, F8 (Flyball, 8LM, EV 76.3 MPH)
|
|
Batting: RHB Tim Teufel
|
0-0: Called Strike 0-1: Ball 1-1: Foul Ball, location: 2F 1-2: Foul Ball, location: 2F 1-2: Ball 2-2: Strikes out swinging
|
| Top of the 5th over - 0 runs, 0 hits, 0 errors, 0 left on base; Chicago 4 - Milwaukee 2 |
| BOTTOM OF THE 5TH |
|
Milwaukee Brewers batting - Pitching for Chicago White Sox : RHP Pete Vuckovich
|
|
Batting: SHB Alfredo Griffin
|
0-0: Ball 1-0: Swinging Strike 1-1: Ground out 6-3 (Groundball, 6S, EV 85.0 MPH)
|
|
Batting: RHB Steve Sax
|
0-0: Called Strike 0-1: Swinging Strike 0-2: Ball 1-2: Foul Ball, location: 2F 1-2: Foul Ball, location: 2F 1-2: Ball 2-2: Strikes out swinging
|
|
Batting: LHB Von Hayes
|
0-0: Ball 1-0: Foul Ball, location: 2F 1-1: Foul Ball, location: 2F 1-2: Ball 2-2: Foul Ball, location: 2F 2-2: Foul Ball, location: 2F 2-2: Strikes out looking
|
| Bottom of the 5th over - 0 runs, 0 hits, 0 errors, 0 left on base; Chicago 4 - Milwaukee 2 |
| TOP OF THE 6TH |
|
Chicago White Sox batting - Pitching for Milwaukee Brewers : RHP Luis Lopez
|
|
Batting: RHB Steve Henderson
|
0-0: Ball 1-0: Ball 2-0: Ball 3-0: Called Strike 3-1: SOLO HOME RUN (Flyball, 9D, EV 105.0 MPH), Distance : 377 ft
|
|
Batting: SHB Dwayne Taggart
|
0-0: Called Strike 0-1: Ball 1-1: Foul Ball, location: 2F 1-2: Ball 2-2: Ball 3-2: Ground out U3 (Groundball, 3, EV 79.4 MPH)
|
|
Batting: SHB Wayne Tolleson
|
0-0: Ball 1-0: Called Strike 1-1: Foul Ball, location: 2F 1-2: Ball 2-2: Ball 3-2: Foul Ball, location: 2F 3-2: Foul Ball, location: 2F 3-2: Base on Balls
|
|
Batting: LHB Ryan MacFarland
|
0-0: Ball 1-0: Ball Wayne Tolleson is caught stealing 2nd base 2-6 2-0: Swinging Strike 2-1: Foul Ball, location: 2F 2-2: Foul Ball, location: 2F 2-2: SINGLE (Line Drive, 7S, EV 104.4 MPH)
|
|
Batting: LHB Steve Christmas
|
0-0: Called Strike 0-1: Called Strike 0-2: Fly out, F9 (Flyball, 9LD, EV 103.8 MPH)
|
| Top of the 6th over - 1 run, 2 hits, 0 errors, 1 left on base; Chicago 5 - Milwaukee 2 |
| BOTTOM OF THE 6TH |
|
Milwaukee Brewers batting - Pitching for Chicago White Sox : RHP Pete Vuckovich
|
|
Batting: RHB Eric Davis
|
0-0: Called Strike 0-1: Foul Ball, location: 2F 0-2: Ball 1-2: Ball 2-2: Ball 3-2: Fly out, F8 (Flyball, 8RM, EV 84.4 MPH)
|
|
Batting: SHB Eddie Murray
|
0-0: Called Strike 0-1: Swinging Strike 0-2: Reached on error, E8 (Line Drive, 8RD, EV 98.1 MPH)
|
|
Batting: RHB Mike Schmidt
|
0-0: Foul Ball, location: 2F 0-1: Fly out, F9 (Flyball, 9LD, EV 93.8 MPH)
|
|
Batting: RHB Thurman Munson
|
0-0: Ground out 6-3 (Groundball, 6MS, EV 61.9 MPH)
|
| Bottom of the 6th over - 0 runs, 0 hits, 1 error, 1 left on base; Chicago 5 - Milwaukee 2 |
| TOP OF THE 7TH |
|
Chicago White Sox batting - Pitching for Milwaukee Brewers : RHP Luis Lopez
|
|
Pitching: RHP Carlos Martinez
|
|
|
Batting: SHB Ozzie Smith
|
0-0: Ball 1-0: TRIPLE (Flyball, 78XD, EV 102.5 MPH)
|
|
Batting: LHB Mitchell Page
|
0-0: Called Strike 0-1: Ground out U3 (Groundball, 3, EV 81.9 MPH)
|
|
Batting: RHB Kevin McReynolds
|
0-0: Fly out, F7 (Flyball, 7, EV 89.4 MPH) Runner from 3rd tags up, SCORES, no throw by LF
|
|
Batting: RHB Tim Teufel
|
0-0: Called Strike 0-1: Foul Ball, location: 2F 0-2: Strikes out swinging, 2-3 out at first.
|
| Top of the 7th over - 1 run, 1 hit, 0 errors, 0 left on base; Chicago 6 - Milwaukee 2 |
| BOTTOM OF THE 7TH |
|
Milwaukee Brewers batting - Pitching for Chicago White Sox : RHP Pete Vuckovich
|
|
Batting: LHB Denny Walling
|
0-0: Ball 1-0: Ball 2-0: Swinging Strike 2-1: Foul Ball, location: 2F 2-2: Ball 3-2: Strikes out swinging
|
|
Batting: RHB Ken Landreaux
|
0-0: Foul Ball, location: 2F 0-1: Swinging Strike 0-2: Ball 1-2: Ground out 5-3 (Groundball, 5L, EV 108.8 MPH)
|
|
Batting: SHB Alfredo Griffin
|
0-0: Called Strike 0-1: Foul Ball, location: 2F 0-2: Foul Ball, location: 2F 0-2: Foul Ball, location: 2F 0-2: SINGLE (Groundball, 6MD, EV 98.1 MPH)
|
|
Batting: RHB Steve Sax
|
0-0: Called Strike Alfredo Griffin steals 2nd base 0-1: Reached on error, E6 (Groundball, 6S, EV 82.5 MPH) Alfredo Griffin to third
|
|
Batting: LHB Von Hayes
|
0-0: Foul Ball, location: 2F 0-1: Called Strike Steve Sax steals 2nd base (no throw) 0-2: Ball 1-2: Strikes out swinging
|
| Bottom of the 7th over - 0 runs, 1 hit, 1 error, 2 left on base; Chicago 6 - Milwaukee 2 |
| TOP OF THE 8TH |
|
Chicago White Sox batting - Pitching for Milwaukee Brewers : RHP Carlos Martinez
|
|
Batting: RHB Steve Henderson
|
0-0: Called Strike 0-1: Ball 1-1: Ground out 6-3 (Groundball, 6, EV 80.0 MPH)
|
|
Batting: SHB Dwayne Taggart
|
0-0: SINGLE (Groundball, 4D, EV 97.5 MPH)
|
|
Batting: SHB Wayne Tolleson
|
0-0: Called Strike Dwayne Taggart steals 2nd base 0-1: Called Strike 0-2: Ball 1-2: Ball 2-2: Strikes out swinging
|
|
Batting: LHB Ryan MacFarland
|
0-0: Called Strike 0-1: Foul Ball, location: 2F 0-2: Ground out 3-1 (Groundball, 34S, EV 94.4 MPH)
|
| Top of the 8th over - 0 runs, 1 hit, 0 errors, 1 left on base; Chicago 6 - Milwaukee 2 |
| BOTTOM OF THE 8TH |
|
Milwaukee Brewers batting - Pitching for Chicago White Sox : RHP Pete Vuckovich
|
|
Batting: RHB Eric Davis
|
0-0: Ball 1-0: Ball 2-0: Foul Ball, location: 2F 2-1: Called Strike 2-2: Ball 3-2: Strikes out looking
|
|
Batting: SHB Eddie Murray
|
0-0: Ball 1-0: Ball 2-0: Called Strike 2-1: SINGLE (Flyball, 7S, EV 83.1 MPH)
|
|
Pitching: RHP Dickie Noles
|
|
|
Batting: RHB Mike Schmidt
|
0-0: Called Strike 0-1: Foul Ball, location: 2F 0-2: Ball Passed Ball! Eddie Murray to second 1-2: Ball 2-2: Ground out 3-1 (Groundball, 13, EV 82.5 MPH) Eddie Murray to third
|
|
Batting: RHB Thurman Munson
|
0-0: Ball 1-0: Ball 2-0: Ball 3-0: Called Strike 3-1: Foul Ball, location: 2F 3-2: Fly out, F8 (Flyball, 89M, EV 79.4 MPH)
|
| Bottom of the 8th over - 0 runs, 1 hit, 0 errors, 1 left on base; Chicago 6 - Milwaukee 2 |
| TOP OF THE 9TH |
|
Chicago White Sox batting - Pitching for Milwaukee Brewers : RHP Carlos Martinez
|
|
Batting: LHB Steve Christmas
|
0-0: Foul Ball, location: 2F 0-1: Ground out 2-3 (Groundball, 15S, EV 66.9 MPH)
|
|
Batting: SHB Ozzie Smith
|
0-0: Ball 1-0: Ball 2-0: Called Strike 2-1: Ball 3-1: SINGLE (Line Drive, 56, EV 96.3 MPH)
|
|
Batting: LHB Mitchell Page
|
0-0: Called Strike 0-1: Ball 1-1: Ball 2-1: Swinging Strike 2-2: Reached on error, E7 (Line Drive, 7, EV 106.9 MPH) Ozzie Smith to third
|
|
Batting: RHB Kevin McReynolds
|
0-0: Ball 1-0: Swinging Strike 1-1: Foul Ball, location: 2F 1-2: Foul Ball, location: 2F 1-2: DOUBLE (Groundball, 3D, EV 103.8 MPH) Ozzie Smith scores Mitchell Page scores
|
|
Batting: RHB Tim Teufel
|
0-0: Ball 1-0: Ball 2-0: Ball 3-0: Called Strike 3-1: Base on Balls
|
|
Batting: RHB Steve Henderson
|
0-0: Ball 1-0: Called Strike 1-1: SINGLE (Groundball, 56D, EV 103.8 MPH) Kevin McReynolds to third Tim Teufel to second Runner from 3rd tries for Home, SAFE, throw by LF to home
|
|
Batting: SHB Dwayne Taggart
|
0-0: Called Strike 0-1: Foul Ball, location: 2F 0-2: Ball 1-2: Grounds into double play, 4-6-3 (Groundball, 34, EV 83.8 MPH)
|
| Top of the 9th over - 3 runs, 3 hits, 1 error, 1 left on base; Chicago 9 - Milwaukee 2 |
| BOTTOM OF THE 9TH |
|
Milwaukee Brewers batting - Pitching for Chicago White Sox : RHP Dickie Noles
|
|
Batting: LHB Denny Walling
|
0-0: DOUBLE (Line Drive, 9LM, EV 104.4 MPH)
|
|
Batting: RHB Ken Landreaux
|
0-0: Ball 1-0: Ball 2-0: Foul Ball, location: 2F 2-1: Fly out, F2 (Popup, 2R, EV 92.5 MPH)
|
|
Batting: SHB Alfredo Griffin
|
0-0: Ball 1-0: Foul Ball, location: 2F 1-1: Ball 2-1: SINGLE (Flyball, 89S, EV 95.0 MPH) Denny Walling to third
|
|
Batting: RHB Steve Sax
|
0-0: Ball 1-0: Called Strike 1-1: SINGLE (Line Drive, 34D, EV 93.8 MPH) Denny Walling scores Alfredo Griffin to second
|
|
Batting: LHB Von Hayes
|
0-0: Ball 1-0: Ball 2-0: Fly out, F4 (Line Drive, 4, EV 70.6 MPH)
|
|
Batting: RHB Eric Davis
|
0-0: Ball 1-0: Called Strike 1-1: Ball 2-1: Ball 3-1: Base on Balls Alfredo Griffin to third Steve Sax to second
|
|
Batting: SHB Eddie Murray
|
0-0: Ball 1-0: Fly out, F5 (Flyball, 5D, EV 88.8 MPH)
|
| Bottom of the 9th over - 1 run, 3 hits, 0 errors, 3 left on base; Chicago 9 - Milwaukee 3 |
|